 Dungeon Crawl Stone Soup version 0.17-a0-1475-g9f81d98 (webtiles) character file.

59 Malachi the Skirmisher (level 3, -3/31 HPs)
             Began as a Centaur Fighter on July 2, 2015.
             Slain by Grinder (4 damage)
             ... while paralysed by Grinder
             ... on level 3 of the Dungeon.
             The game lasted 00:02:36 (1144 turns).

Malachi the Skirmisher (Centaur Fighter)            Turns: 1144, Time: 00:02:36

Health: -3/31      AC:  6    Str: 19    XL:     3   Next: 78%
Magic:  3/3        EV:  1    Int: 12    God:
Gold:   137        SH:  0    Dex:  8    Spells: 0 memorised, 2 levels left

rFire  . . .     SeeInvis .     a - +0 war axe
rCold  . . .     Clarity  .     b - +0 scale mail
rNeg   . . .     SustAt   .     c - +0 shield
rPois  .         Gourm    .     (no helmet)
rElec  .         Spirit   .     (no cloak)
rCorr  .         Warding  .     (no gloves)
rMut   .         Stasis   .     (no barding)
MR     .....                    (no amulet)
Stlth  ..........               (no ring)
                                (no ring)

@: paralysed, brilliant, very slightly contaminated, hasted, very quick, not
resistant to hostile enchantments, extremely unstealthy
A: hooves 3, deformed body, speed 2, tough skin 3
a: no special abilities


You were on level 3 of the Dungeon.
You were not hungry.

You visited 1 branch of the dungeon, and saw 3 of its levels.

You collected 137 gold pieces.

Inventory:

Hand weapons
 a - a +0 war axe (weapon)
Missiles
 t - 37 poisoned needles
Armour
 b - a +0 scale mail (worn)
 c - a +0 shield (worn)
Magical devices
 u - a wand of polymorph (8)
Scrolls
 f - 7 scrolls of identify {unknown}
 k - 2 scrolls of blinking {unknown}
 m - a scroll of recharging {unknown}
 n - 4 scrolls of remove curse {unknown}
 q - 3 scrolls of enchant armour {unknown}
Potions
 d - a potion of might
 j - a potion of resistance {unknown}
 p - a potion of agility {unknown}
 r - a potion of lignification {unknown}
Comestibles
 e - a bread ration
 l - 3 fruits
 o - a slice of pizza
 s - a meat ration


   Skills:
 + Level 3.4 Fighting
 + Level 2.2 Axes
 + Level 2.7 Armour
 + Level 0.2 Dodging
 + Level 2.4 Shields


You had 2 spell levels left.
You didn't know any spells.

Dungeon Overview and Level Annotations

Branches:
Dungeon (3/15)

Altars:

Annotations:
D:3 Grinder


Innate Abilities, Weirdness & Mutations

You have hooves in place of feet.
Armour fits poorly on your strangely shaped body.
You cover ground very quickly.
You have extremely tough skin (AC +3).


Message History

You shrug off the repeated paralysis!
You see here a worm corpse.
Drink which item? (? for menu, Esc to quit)
It was a potion of curing.
You feel better.
Grinder says, "Tell me all your secrets, or I'll kill you."
You barely miss Grinder. You kick Grinder!
Grinder is heavily wounded.
Grinder gestures at you.
You suddenly lose the ability to move!
Grinder hits you.
* * * LOW HITPOINT WARNING * * *
You writhe in agony.
* * * LOW HITPOINT WARNING * * *
You feel a little less mighty now. Grinder hits you but does no damage.
Grinder hits you but does no damage. Grinder hits you.
* * * LOW HITPOINT WARNING * * *
You writhe in agony.
You die...

#...# ... ##.# ... #!.. #.#
#..# ## #†# #..# # .## ###.#
#..#####.# ..## ###.#.#####
#........#
...###....)....####.#...####
...'............@5.........+
...###.....#.#.####.#...####
..## #...#.#.#.# #.##.## .##
#..##.#.#.# #.# ## ##
#..##.#.#.# #.# #
#..##.#.#.# #.#
######..##.#.#.# #.#
......... ....# #.. #######.
#####


You could see Grinder.

Vanquished Creatures
  An adder (D:2)
  2 worms
  4 giant geckos
  2 giant cockroaches
  6 goblins
  5 hobgoblins
  A jackal (D:3)
  A quokka (D:2)
  7 bats
  A giant newt (D:1)
  7 kobolds
  7 rats
44 creatures vanquished.

Notes
Turn   | Place    | Note
--------------------------------------------------------------
     0 | D:1      | Malachi the Centaur Fighter began the quest for the Orb.
     0 | D:1      | Reached XP level 1. HP: 19/19 MP: 1/1
    46 | D:1      | Reached XP level 2. HP: 24/26 MP: 2/2
   456 | D:2      | Reached XP level 3. HP: 23/31 MP: 3/3
  1079 | D:3      | Noticed Grinder
  1087 | D:3      | Paralysed by something for 7 turns
  1103 | D:3      | Paralysed by something for 3 turns
  1117 | D:3      | Paralysed by Grinder for 7 turns
  1120 | D:3      | HP: 1/31 [Grinder (3)]
  1140 | D:3      | Paralysed by Grinder for 4 turns
  1144 | D:3      | HP: 1/31 [Grinder (4)]
  1144 | D:3      | Slain by Grinder

Vault maps used:
D:1:      lightli_arrival_boilingwater, st_stairs_8, hex_intersection
D:2:      st_stairs_7
D:3:      minmay_misc_feat_encased, st_stairs_1, minmay_ogre_servants,
          uniq_grinder

Action                   || total
-------------------------++-------
Melee: War axe           ||    94
  Use: Potion            ||     4
